 Dungeon Crawl Stone Soup version 0.20.1-1-g8b1a95d (webtiles) character file.

135 Irenicus the Ruffian (level 4, -5/45 HPs)
             Began as a Troll Chaos Knight on Oct 7, 2017.
             Slain by Grinder (6 damage)
             ... on level 3 of the Dungeon.
             The game lasted 00:04:00 (1941 turns).

Irenicus the Ruffian (Troll Chaos Knight)           Turns: 1941, Time: 00:04:01

Health: -5/45      AC:  7    Str: 20    XL:     4   Next: 96%
Magic:  3/3        EV: 10    Int:  8    God:    Xom [......]
Gold:   98         SH:  0    Dex: 10    Spells: 3/3 levels left

rFire    . . .     SeeInvis .     - Unarmed
rCold    . . .     Gourm    +   (no shield)
rNeg     . . .     Faith    .   a - +2 robe
rPois    .         Spirit   .   (helmet restricted)
rElec    .         Reflect  .   (no cloak)
rCorr    .         Harm     .   (gloves unavailable)
MR       .....                  (boots unavailable)
Stlth    +.........             (no amulet)
Regen    0.6/turn               (no ring)
MPRegen  0.1/turn               (no ring)

@: no status effects
A: unfitting armour, claws 3, fast metabolism 3, gourmand, regeneration 1,
shaggy fur 1, tough skin 2
a: Renounce Religion


You were on level 3 of the Dungeon.
You worshipped Xom.
You were a very special plaything of Xom.
You were very full.

You visited 1 branch of the dungeon, and saw 3 of its levels.

You collected 98 gold pieces.

Inventory:

Missiles
 g - 2 silver tomahawks (quivered)
Armour
 a - a +2 robe (worn)
Wands
 n - a wand of enslavement (8/24)
 r - a wand of polymorph (11/24)
Scrolls
 c - a scroll of enchant weapon {unknown}
 d - a scroll of immolation {unknown}
 e - 2 scrolls of remove curse {unknown}
 f - a scroll of blinking {unknown}
 i - 4 scrolls of random uselessness {unknown}
 m - a scroll of fear {unknown}
 p - 2 scrolls of identify {unknown}
 t - a scroll of teleportation {unknown}
Potions
 j - a potion of might {unknown}
 l - a potion of curing {unknown}
 o - 2 potions of brilliance {unknown}
 q - a potion of haste {unknown}
 s - a potion of heal wounds {unknown}
Comestibles
 b - 4 bread rations
 k - a fruit


   Skills:
 - Level 3.0 Fighting
 - Level 2.0 Dodging
 + Level 5.2 Unarmed Combat


You had 3 spell levels left.
You didn't know any spells.

Dungeon Overview and Level Annotations

Branches:
Dungeon (3/15)

Altars:
Gozag
Makhleb
Okawaru
Ru
Sif Muna
Xom

Annotations:
D:3 Grinder


Innate Abilities, Weirdness & Mutations

You are too large for most types of armour.
You have claws for hands.
Your metabolism is lightning-fast.
You like to eat raw meat.
Your natural rate of healing is unusually fast.
You are covered in fur. (AC +1)
You have very tough skin. (AC +2)


Message History

"This is how I like it!"
You swap places with Grinder.
Grinder hits you.
Grinder grins, showing sharp teeth.
Grinder hits you.
You writhe in agony. "Just a minor improvement..."
Grinder hits you.
You writhe in agony.
Grinder hits you.
You writhe in agony.
* * * LOW HITPOINT WARNING * * *
Grinder hits you.
* * * LOW HITPOINT WARNING * * *
You writhe in agony.
* * * LOW HITPOINT WARNING * * *
You can move again.
It was a potion of cancellation.
You feel magically purged.
Xom thinks this is hilarious!
Grinder hits you.
* * * LOW HITPOINT WARNING * * *
You writhe in agony.
You die...
Xom laughs nastily!

##...## #####.#####.##.##†#
##.....## #.........#.......#
#.......## #..##.###.####.#.##
#.........####...#.###.# #....#
+..<......'..._.......#######...
#.........####_....####PP.^.####
##.......## #..#### #P...P#PP.
##.....## #5########^P_.^...P
##...## #>@.._...#P..P.##.# ##+#
#.########.^PP.#### #.#
########.# #.# ###.# #.# #....
#.# #.#.# #.# #.#.. .. #.### #.#


You could see Grinder.

Vanquished Creatures
  A hound (D:2)
  Jessica (D:2)
  2 adders (D:2)
  4 dart slugs
  A leopard gecko (D:2)
  2 ball pythons (D:2)
  3 giant cockroaches (D:2)
  4 goblins (D:1)
  9 hobgoblins
  3 jackals (D:3)
  8 bats
  3 frilled lizards
  7 kobolds
  2 rats (D:1)
50 creatures vanquished.

Notes
Turn   | Place    | Note
-------+----------+-------------------------------------------
     0 | D:1      | Irenicus the Troll Chaos Knight began the quest for the Orb.
     0 | D:1      | Reached XP level 1. HP: 22/22 MP: 0/0
   157 | D:1      | XOM: silly message
   171 | D:1      | XOM: god gift: 2 silver tomahawks
   257 | D:1      | Reached XP level 2. HP: 29/29 MP: 1/1
   789 | D:2      | XOM: blink monster(s)
   790 | D:2      | XOM: confusion
   798 | D:2      | Reached XP level 3. HP: 31/36 MP: 2/2
   854 | D:2      | Found a deep blue altar of Sif Muna.
  1038 | D:2      | Reached skill level 4 in Unarmed Combat
  1075 | D:2      | Found a burning altar of Makhleb.
  1084 | D:2      | Reached XP level 4. HP: 34/45 MP: 3/3
  1138 | D:2      | Found an opulent altar of Gozag.
  1171 | D:2      | Noticed Jessica
  1179 | D:2      | Killed Jessica
  1179 | D:2      | Reached skill level 5 in Unarmed Combat
  1372 | D:2      | XOM: medium Tloc miscast
  1452 | D:3      | XOM: mild Tloc miscast
  1672 | D:3      | Found a sacrificial altar of Ru.
  1764 | D:3      | Found an iron altar of Okawaru.
  1929 | D:3      | Noticed Grinder
  1934 | D:3      | Paralysed by Grinder for 6 turns
  1936 | D:3      | XOM: swap monsters
  1938 | D:3      | XOM: scenery: create altars
  1941 | D:3      | HP: 1/45 [Grinder (5)]
  1941 | D:3      | Slain by Grinder

Skill      XL: |  1  2  3  4 |
---------------+-------------+-----
Dodging        | 2 |  2.0
Fighting       | 3 |  3.0
Unarmed Combat | 4 5 |  5.2

Action                   |  1- 3 |  4- 6 || total
-------------------------+-------+-------++-------
Melee: Unarmed           |    79 |    53 ||   132
Throw: Tomahawk          |     6 |     1 ||     7
  Use: Potion            |       |     1 ||     1
 Stab: Sleeping          |     1 |       ||     1
       Confused          |       |     2 ||     2
  Eat: Chunk             |    10 |    11 ||    21
Armor: Robe              |    25 |    24 ||    49
Dodge: Dodged            |    47 |    25 ||    72
